 Dungeon Crawl Stone Soup version 0.27-a0-887-gcab673c142 (webtiles) character file.

Game seed: 6012411057596616599

147 wakim the Covered (level 5, -2/33 HPs)
             Began as a Gargoyle Fighter on Apr 4, 2021.
             Killed by divine providence
             ... invoked by an orc priest
              (8 damage)
             ... on level 3 of the Dungeon.
             The game lasted 00:05:07 (2365 turns).

wakim the Covered (Gargoyle Fighter)                Turns: 2365, Time: 00:05:08

Health: -2/33      AC: 17    Str: 21    XL:     5   Next: 29%
Magic:  5/5        EV:  4    Int:  8    God:
Gold:   72         SH: 10    Dex:  9    Spells: 4/4 levels left

rFire    . . .     SeeInvis +   a - +0 flail
rCold    + . .     Faith    .   c - +1 kite shield
rNeg     + . .     Spirit   .   f - +0 plate armour
rPois    ∞         Reflect  .   (no helmet)
rElec    +         Harm     .   (no cloak)
rCorr    .         Rampage  .   b - +0 pair of gloves
Will     .....                  (no boots)
Stlth    ..........             (no amulet)
HPRegen  0.11/turn              i - ring of see invisible
MPRegen  0.09/turn              m - ring of protection from cold

@: no status effects
A: AC +4, negative energy resistance 1, electricity resistance, torment
resistance 1, unbreathing 1, petrification resistance
a: no special abilities


You were on level 3 of the Dungeon.
You visited 1 branch of the dungeon, and saw 3 of its levels.

You collected 72 gold pieces.

Inventory:

Hand Weapons
 a - a +0 flail (weapon)
Missiles
 g - 3 poisoned darts
 k - 8 boomerangs (quivered)
 l - 12 bolts
Armour
 b - a +0 pair of gloves (worn)
 c - a +1 kite shield (worn)
 e - a scarf of harm
 f - a +0 plate armour (worn)
Jewellery
 i - a ring of see invisible (left hand)
 m - a ring of protection from cold (right hand)
Potions
 d - a potion of lignification {unknown}
 h - a potion of brilliance {unknown}
 j - a potion of resistance {unknown}
 C - a potion of berserk rage
 N - a potion of might


   Skills:
 + Level 3.8 Fighting
 * Level 3.2 Maces & Flails
 * Level 4.4 Armour
 + Level 1.2 Dodging
 + Level 3.8 Shields


You had 4 spell levels left.
You didn't know any spells.
Your spell library was empty.

Dungeon Overview and Level Annotations

Branches:
Dungeon (3/15)

Altars:
The Shining One

Shops:
D:1 =


Innate Abilities, Weirdness & Mutations

Your stone body is resilient. (AC +4)
You are immune to poison.
You resist negative energy. (rN+)
You are resistant to electric shocks. (rElec)
You are resistant to unholy torment.
You can survive without breathing.
You are immune to petrification.


Message History

The orc priest is almost dead.
You block the orc priest's attack.
The orc priest hits you with a +0 hand axe.
You sock the orc priest!
You kill the orc priest!
The orc priest looks braver for a moment.
You block the orc priest's attack.
You closely miss the orc priest.
The orc priest hits you but does no damage.
Your plate armour prevents you from hitting the orc priest.
The orc priest hits you but does no damage.
You block the orc priest's attack.
You sock the orc priest!
The orc priest is heavily wounded.
You block the orc priest's attack.
You hit the orc priest.
The orc priest is heavily wounded.
The orc priest hits you but does no damage.
You hit the orc priest but do no damage.
The orc priest is heavily wounded.
The orc priest completely misses you.
The orc priest looks satisfied for a moment.
You barely miss the orc priest.
The orc priest is heavily wounded.
The orc priest hits you but does no damage.
You barely miss the orc priest.
The orc priest is heavily wounded.
The orc priest mumbles some strange prayers to Beogh against you.
Beogh smites you!
* * * LOW HITPOINT WARNING * * *
You block the orc priest's attack. x2
The orc priest calls down the wrath of Beogh upon you.
Beogh smites you!
* * * LOW HITPOINT WARNING * * *
You hear a shout!
You hit the orc priest.
The orc priest is heavily wounded.
The orc priest calls down the wrath of Beogh upon you.
Beogh smites you!
You die...

#. #.##.# # #. #.##.#
# #.#######.##.# #
#.>.......##.########
##.#...#._.......†...
#..##...####.#######
#.## #..## #.#
##.###.o.# #.#
##@#.##..##.#
##o####o.#.##...
#o...o.........
#########.##o.. #.#


You could see 2 orc priests.

Vanquished Creatures
  A vampire bat (D:3)
  An orc priest (D:3)
  3 adders
  A worm (D:2)
  An orc (D:3)
  3 ball pythons
  5 endoplasms
  A giant cockroach (D:1)
  2 goblins (D:2)
  4 hobgoblins
  8 jackals
  2 quokkas
  5 bats
  2 frilled lizards (D:1)
  3 kobolds
  4 rats (D:1)
46 creatures vanquished.

Notes
Turn   | Place    | Note
-------+----------+-------------------------------------------
     0 | D:1      | wakim the Gargoyle Fighter began the quest for the Orb.
     0 | D:1      | Reached XP level 1. HP: 14/14 MP: 1/1
   439 | D:1      | Reached XP level 2. HP: 13/19 MP: 2/2
   760 | D:1      | Reached XP level 3. HP: 16/23 MP: 3/3
   937 | D:1      | Found Ereul's Jewellery Shop.
  1399 | D:2      | Reached skill level 4 in Armour
  1736 | D:2      | Reached XP level 4. HP: 28/28 MP: 4/4
  1898 | D:2      | Found a glowing golden altar of the Shining One.
  2233 | D:3      | Reached skill level 1 in Dodging
  2297 | D:3      | Reached XP level 5. HP: 33/33 MP: 5/5
  2298 | D:3      | Found a faded altar of an unknown god.
  2365 | D:3      | Killed from afar by an orc priest

Illustrated notes

Levels and vault maps discovered:
D:1:      sevenhm_arrival_forest_fort_small_5, layout_loops_ring, serial_shops,
          shop, grunt_decor_resistance
D:2:      layout_loops_ring, basic_altar, minmay_goblin_kobold_house
D:3:      layout_loops_ring, basic_ecumenical_altar, grunt_ministairs_4,
          roderic_batcave

Skill      XL: |  1  2  3  4 |
---------------+-------------+-----
Armour         | 4 |  4.4
Maces & Flails | 3 |  3.2
Dodging        | 1 |  1.2
Fighting       | |  3.8
Shields        | |  3.8

Action                   |  1- 3 |  4- 6 || total
-------------------------+-------+-------++-------
Melee: Flail             |   107 |    53 ||   160
Throw: Dart              |     5 |       ||     5
  Use: Scroll            |     3 |     1 ||     4
Armor: Plate armour      |    60 |    41 ||   101
Dodge: Dodged            |     6 |    13 ||    19
Block: Kite shield       |    59 |    41 ||   100

Table legend: (Time is in decaauts)
 A = Elapsed time spent in this place.
 B = Non-inter-level travel time spent in this place.
 C = Inter-level travel time spent in this place.
 D = Time resting spent in this place.
 E = Time spent auto-exploring this place.
 F = Levels seen in this place.
 G = Mean time per level.
                   A        B        C        D        E       F      G
               +--------+--------+--------+--------+--------+-----+--------+
         Total |   2445 |   2320 |    125 |      0 |   1829 |   3 |  815.0 |
       Dungeon |   2445 |   2320 |    125 |      0 |   1829 |   3 |  815.0 |
               +--------+--------+--------+--------+--------+-----+--------+

Top non-repeatable levels by time:
     D:1: 1288 daAuts
     D:2: 904 daAuts
     D:3: 253 daAuts
